 Dungeon Crawl Stone Soup version 0.18-b1-22-ge198996 (webtiles) character file.

359 RudyRod the Gusty (level 6, 0/43 HPs)
             Began as a Demonspawn Air Elementalist on May 3, 2016.
             Slain by a gnoll (8 damage)
             ... on level 3 of the Dungeon.
             The game lasted 00:38:28 (7248 turns).

RudyRod the Gusty (Demonspawn Air Elementalist)     Turns: 7248, Time: 00:38:28

Health: 0/43       AC:  3    Str:  5 (8)  XL:     6   Next: 37%
Magic:  11/11      EV: 11    Int: 17 (18) God:
Gold:   200        SH:  0    Dex: 16      Spells: 2 memorised, 8 levels left

rFire  + . .     SeeInvis .     f - +1 short sword
rCold  . . .     Gourm    .     a - +1 robe
rNeg   . . .     Faith    .     (no shield)
rPois  .         Spirit   .     (no helmet)
rElec  .         Dismiss  +     (no cloak)
rCorr  .         Reflect  .     (no gloves)
SustAt .         Harm     .     (no boots)
MR     .....                    d - amulet of dismissal
Stlth  ++........               (no ring)
                                (no ring)

@: very slightly contaminated, very heavily drained, not resistant to hostile
enchantments, unstealthy
A: thin skeletal structure 1, deterioration 1, fire resistance 1, mutation
resistance 1, powered by death 1, no device heal 1
a: no special abilities


You were on level 3 of the Dungeon.
You were hungry.

You visited 1 branch of the dungeon, and saw 3 of its levels.

You collected 200 gold pieces.

Inventory:

Hand Weapons
 f - a +1 short sword (weapon)
 s - a -2 flail
Armour
 a - a +1 robe (worn)
Jewellery
 d - an amulet of dismissal (around neck)
Wands
 g - a wand of paralysis (6/24)
Scrolls
 e - 4 scrolls of teleportation
 l - 2 scrolls of recharging
 p - 3 scrolls of remove curse
Books
 b - a book of Air

   Spells                             Type                      Level
   a - Shock                          Conjuration/Air              1
   b - Swiftness                      Charms/Air                   2
   c - Repel Missiles                 Charms/Air                   2
   d - Static Discharge               Conjuration/Air              3
   e - Lightning Bolt                 Conjuration/Air              5
Comestibles
 c - 2 bread rations
 h - 3 fruits
 m - a meat ration
 n - a slice of pizza


   Skills:
 + Level 1.1(0.0) Fighting
 + Level 0.1(0.0) Short Blades
 + Level 3.2(0.0) Dodging
 + Level 2.0(0.0) Stealth
 + Level 3.6(0.0) Spellcasting
 + Level 3.0(0.0) Conjurations
 + Level 3.8(0.0) Air Magic


You had 8 spell levels left.
You knew the following spells:

 Your Spells              Type           Power        Failure   Level  Hunger
a - Shock                 Conj/Air       #...         24%         1    ##.....
b - Static Discharge      Conj/Air       #.......     73%         3    ####...


Dungeon Overview and Level Annotations

Branches:
Dungeon (3/15)

Altars:
Zin

Annotations:
D:3 znidz's ghost, amateur KoAM


Innate Abilities, Weirdness & Mutations

You have a somewhat thin skeletal structure (Dex +2, Stealth).
Your flesh is heat resistant.
You regenerate a little health from kills.
Your body sometimes deteriorates upon taking damage.
You are somewhat resistant to further mutation.
Potions and wands are less effective at restoring your health.


Message History

Znidz's ghost whispers, "The ORB doesn't exist."
Znidz's ghost hits you.
Your amulet of dismissal vibrates suddenly!
You feel drained.
Znidz's ghost disappears!
The gnoll hits you but does no damage. The gnoll hits you with a whip!
The gnoll closely misses you. The gnoll misses you. The gnoll hits you.
The gnoll hits you but does no damage. The gnoll hits you.
The gnoll closely misses you. The gnoll barely misses you.
The gnoll completely misses you. The gnoll barely misses you.
The gnoll hits you but does no damage. The gnoll hits you.
The gnoll hits you with a whip. The gnoll barely misses you.
The gnoll barely misses you. The gnoll hits you with a whip!
* * * LOW HITPOINT WARNING * * *
The gnoll closely misses you. The gnoll hits you but does no damage.
The gnoll hits you with a whip.
* * * LOW HITPOINT WARNING * * *
The gnoll barely misses you. The gnoll hits you!
You die...

#####.................#
#...#####'##.######
#####.#.#####.##.##########
#...........#.............#
#.........g.#.##.########.#
#...........####.########.#
#........###gW..W.......#.#
#####'##.###.###g######.#.#
#.##..##.#.g@#......#.#
#####.######.#..).......#.#
...##.# ###.#.#.####.#.#
...#### ######.#.#......#.#
....#####...##.#.#####.<#.#
...###?.#...#..#.#........#
...# #..#._.'....#.......##
...#
#?.#...####.################
...#
####...#....................


You could see znidz's ghost and 2 gnolls.

Vanquished Creatures
  A gnoll shaman (D:3)
  5 adders
  18 gnolls (D:3)
  3 oozes (D:2)
  4 worms
  3 dart slugs
  2 giant geckos
  5 hobgoblins
  17 jackals
  A ball python (D:2)
  9 bats
  4 giant newts
  7 goblins
  8 kobolds
  9 rats
96 creatures vanquished.

Notes
Turn   | Place    | Note
--------------------------------------------------------------
     0 | D:1      | RudyRod the Demonspawn Air Elementalist began the quest for the Orb.
     0 | D:1      | Reached XP level 1. HP: 13/13 MP: 3/3
   594 | D:1      | Gained mutation: Your flesh is heat resistant. [demonic ancestry]
   594 | D:1      | Reached XP level 2. HP: 19/19 MP: 0/5
   683 | D:1      | Gained mutation: Your body sometimes deteriorates upon taking damage. [potion of mutation]
   683 | D:1      | Gained mutation: Potions and wands are less effective at restoring your health. [potion of mutation]
   683 | D:1      | Gained mutation: You are somewhat resistant to further mutation. [potion of mutation]
  1710 | D:2      | Gained mutation: You regenerate a little health from kills. [demonic ancestry]
  1710 | D:2      | Reached XP level 3. HP: 23/24 MP: 3/6
  2421 | D:2      | Reached XP level 4. HP: 11/30 MP: 1/8
  3425 | D:3      | Noticed znidz's ghost (amateur KoAM)
  3552 | D:3      | Noticed a phantom
  3603 | D:3      | Found a glowing silver altar of Zin.
  4126 | D:3      | Reached XP level 5. HP: 33/36 MP: 0/9
  4900 | D:3      | Learned a level 3 spell: Static Discharge
  5035 | D:3      | Reached skill level 1 in Fighting
  5085 | D:3      | Gained mutation: You have a somewhat thin skeletal structure (Dex +2, Stealth). [demonic ancestry]
  5085 | D:3      | Reached XP level 6. HP: 34/43 MP: 0/11
  5446 | D:3      | HP: 1/43 [gnoll/club (6)]
  5462 | D:3      | HP: 2/43 [gnoll (2)]
  7248 | D:3      | Slain by a gnoll

Skill      XL: |  1  2  3  4  5  6 |
---------------+-------------------+-----
Air Magic      | 3 |  3.8
Dodging        | 2 3 |  3.2
Stealth        | 2 |  2.0
Conjurations   | 2 3 |  3.0
Spellcasting   | 3 |  3.6
Fighting       | 1 |  1.1
Short Blades   | |  0.1

Action                   |  1- 3 |  4- 6 || total
-------------------------+-------+-------++-------
Melee: Unarmed           |     8 |       ||     8
       Short sword       |    37 |    67 ||   104
 Cast: Shock             |    75 |   181 ||   256
       Static Discharge  |       |     7 ||     7
  Use: Potion            |     7 |       ||     7
       Scroll            |       |    10 ||    10
  Eat: Chunk             |     5 |     8 ||    13
       Bread ration      |       |     2 ||     2
Armor: Robe              |    14 |    61 ||    75
Dodge: Dodged            |    65 |   168 ||   233
